 Dungeon Crawl Stone Soup version 0.25-a0-1104-g1bb6b8da34 (webtiles) character file.

Game seed: 2214865414706825113, levelgen mode: deterministic

524 ICC the Magician (level 7, -1/36 HPs)
             Began as a Vine Stalker Fighter on May 16, 2020.
             Was a Plaything of Xom.
             Slain by Duvessa
             ... wielding a +0 short sword
              (10 damage)
             ... on level 4 of the Dungeon.
             The game lasted 00:09:34 (2215 turns).

ICC the Magician (Vine Stalker Fighter)             Turns: 2215, Time: 00:09:35

Health: -1/36      AC:  6    Str: 20    XL:     7   Next: 22%
Magic:  0/16       EV:  9    Int:  8    God:    Xom [*.....]
Gold:   252        SH:  0    Dex: 12    Spells: 17/17 levels left

rFire    . . .     SeeInvis .   a - +0 long sword
rCold    . . .     Gourm    .   (no shield)
rNeg     . . .     Faith    .   b - +0 scale mail
rPois    .         Spirit   +   (no helmet)
rElec    .         Reflect  .   (no cloak)
rCorr    +         Harm     .   (no gloves)
MR       .....                  (no boots)
Stlth    ..........             (no amulet)
HPRegen  0.52/turn              q - ring of resist corrosion
MPRegen  0.15/turn              (no ring)

@: no status effects
A: fangs 2, clumsy 1, regeneration 1, magic shield, antimagic bite, no potion
heal 3, rot immunity
a: Renounce Religion


You were on level 4 of the Dungeon.
You worshipped Xom.
You were a special plaything of Xom.
You were hungry.

You visited 1 branch of the dungeon, and saw 4 of its levels.

You collected 252 gold pieces.

Inventory:

Hand Weapons
 a - a +0 long sword (weapon)
Missiles
 x - 2 javelins (quivered)
Armour
 b - a +0 scale mail (worn)
 r - a +2 robe of positive energy
Jewellery
 q - a ring of resist corrosion (left hand)
Wands
 p - a wand of polymorph (11)
Scrolls
 c - 4 scrolls of identify {unknown}
 e - 3 scrolls of remove curse {unknown}
 k - a scroll of teleportation {unknown}
 n - 2 scrolls of enchant armour {unknown}
 o - a scroll of random uselessness {unknown}
 w - a scroll of blinking {unknown}
Potions
 d - 3 potions of might
 g - a potion of curing {unknown}
 h - a potion of brilliance {unknown}
 i - a potion of heal wounds {unknown}
 j - a potion of haste {unknown}
 l - a potion of ambrosia {unknown}
 m - a potion of berserk rage {unknown}
 s - 2 potions of stabbing {unknown}
 t - a potion of mutation {unknown}
 u - a potion of lignification {unknown}
 v - a potion of flight {unknown}
Comestibles
 f - 6 rations


   Skills:
 - Level 3.0 Fighting
 + Level 4.1 Long Blades
 - Level 2.4 Armour
   Level 2.6 Shields
 * Level 5.8 Spellcasting


You had 17 spell levels left.
You didn't know any spells.
Your spell library was empty.

Dungeon Overview and Level Annotations

Branches:
Dungeon (4/15)             Temple (0/1) D:4

Altars:
Xom

Annotations:
D:4 Duvessa


Innate Abilities, Weirdness & Mutations

You have extremely sharp teeth.
Your natural rate of healing is unusually fast.
When hurt, damage is shared between your health and your magic reserves.
Your bite disrupts and absorbs the magic of your enemies.
Potions cannot restore your health.
You are immune to rotting.
You are clumsy. (Dex -2)


Message History

Duvessa is almost dead.
Duvessa hits you but does no damage.
Your shadow imp hits Duvessa but does no damage.
Your shadow imp barely misses Duvessa.
Duvessa hits you with a +0 short sword.
* * * LOW HITPOINT WARNING * * *
Your shadow imp hits Duvessa.
Your shadow imp hits Duvessa but does no damage.
You hit Duvessa. You bite Duvessa, but do no damage.
Duvessa is almost dead.
Your crimson imp disappears in a puff of smoke!
Duvessa completely misses you.
Your shadow imp hits Duvessa but does no damage.
Your shadow imp barely misses Duvessa.
Duvessa hits your shadow imp with a +0 short sword!
Your shadow imp dies!
Duvessa shouts!
You hit Duvessa. You bite Duvessa, but do no damage.
Duvessa is almost dead.
Duvessa hits you with a +0 short sword!
You die...

##....<# #.....
###...#..#.. #.....##
....# ...##......
.......###.#.## .....
...## #.............####
##....#...#
#.######......##.##......#
## .. ##...........##....
. #...........#
##....P.P....#
#.(....5e@..#
.........P)P...#
##.#......(.....#
#.##.....(....## .
#............. .
....#..........
.....#...........
....#.......[.... ..
#.......(...


You could see Duvessa (berserk) and a friendly shadow imp (summoned).

Vanquished Creatures
  Grinder (D:3)
  Sigmund (D:2)
  An orc wizard (D:4)
  A centaur skeleton (D:4)
  4 adders
  2 oozes
  A worm (D:2)
  3 leopard geckos
  3 orcs (D:4)
  7 bats
  2 giant cockroaches
  7 goblins
  3 hobgoblins
  7 jackals
  5 kobolds
  2 quokkas (D:2)
  3 ball pythons
  6 frilled lizards
  7 rats
66 creatures vanquished.

Vanquished Creatures (collateral kills)
  Dowan (D:4)
1 creature vanquished.

Grand Total: 67 creatures vanquished

Notes
Turn   | Place    | Note
-------+----------+-------------------------------------------
     0 | D:1      | ICC the Vine Stalker Fighter began the quest for the Orb.
     0 | D:1      | Reached XP level 1. HP: 11/11 MP: 2/2
   216 | D:1      | Reached XP level 2. HP: 15/16 MP: 2/4
   283 | D:1      | Reached skill level 1 in Spellcasting
   725 | D:2      | Reached XP level 3. HP: 11/20 MP: 3/6
   753 | D:2      | Reached skill level 2 in Spellcasting
   804 | D:2      | Gained mutation: Your natural rate of healing is unusually
                  | fast. [Vine Stalker growth]
   804 | D:2      | Reached XP level 4. HP: 12/24 MP: 8/8
   908 | D:2      | Found a faded altar of an unknown god.
   914 | D:2      | Became a worshipper of Xom the Fickle
  1080 | D:2      | XOM: 2-stop teleportation journey
  1091 | D:2      | Noticed Sigmund
  1111 | D:2      | Killed Sigmund
  1111 | D:2      | Reached skill level 4 in Spellcasting
  1111 | D:2      | Reached XP level 5. HP: 6/28 MP: 3/12
  1125 | D:2      | XOM: noise
  1238 | D:2      | XOM: 2-stop teleportation journey
  1310 | D:2      | Reached XP level 6. HP: 31/32 MP: 13/13
  1394 | D:3      | Noticed Grinder
  1398 | D:3      | XOM: destruction
  1429 | D:3      | Killed Grinder
  1429 | D:3      | Reached skill level 5 in Spellcasting
  1590 | D:3      | XOM: cast spell 'Call Canine Familiar'
  1599 | D:3      | XOM: give mutations
  1599 | D:3      | Gained mutation: You are clumsy. (Dex -2) [Xom's mischief]
  1599 | D:3      | Lost mutation: You are clumsy. (Dex -2) [Xom's mischief]
  1599 | D:3      | Gained mutation: You are clumsy. (Dex -2) [Xom's mischief]
  2031 | D:4      | Reached XP level 7. HP: 29/36 MP: 11/16
  2068 | D:4      | XOM: summons 4 hostile demons
  2175 | D:4      | Found a staircase to the Ecumenical Temple.
  2180 | D:4      | Noticed Duvessa
  2182 | D:4      | Noticed Dowan
  2195 | D:4      | XOM: summons 7 friendly demons
  2196 | D:4      | Killed Dowan
  2215 | D:4      | Slain by Duvessa

Illustrated notes

Levels and vault maps discovered:
D:1:      dpeg_arrival_three_bigger_balls, layout_basic, minmay_pentomino_u2
D:2:      layout_basic, chequers_ecumenical_altar_grove, first_ration,
          uniq_sigmund
D:3:      layout_rooms, chequers_serial_rivers_small_3, uniq_grinder
D:4:      layout_cave_pools, minmay_temple_entry_trees, uniq_duvessa

Skill      XL: |  1  2  3  4  5  6 |
---------------+-------------------+-----
Long Blades    | 2 3 4 |  4.1
Spellcasting   | 1 2 4 5 |  5.8
Fighting       | 3 |  3.0
Armour         | |  2.4
Shields        | |  2.6

Action                   |  1- 3 |  4- 6 |  7- 9 || total
-------------------------+-------+-------+-------++-------
Melee: Long sword        |    57 |   106 |    54 ||   217
       Bite              |    14 |    34 |    16 ||    64
Throw: Javelin           |       |       |     3 ||     3
  Eat: Chunk             |       |     3 |     1 ||     4
Armor: Scale mail        |    29 |    73 |    35 ||   137
Dodge: Dodged            |    35 |    54 |    39 ||   128
       Rpst.: Long sword |    13 |    19 |    13 ||    45

Table legend:
 A = Non-vault XP
 B = Vault XP
 C = Vault XP percentage of total XP
 D = Non-vault monster count
 E = Vault monster count
 F = Vault count percentage of total count
                 A         B        C        D         E       F
            +---------+---------+-------+---------+---------+-------
      Total |     245 |     504 |  67.3 |      63 |       4 |   6.0
            +---------+---------+-------+---------+---------+-------
        D:1 |      25 |       1 |   3.8 |      16 |       1 |   5.9
        D:2 |      76 |     220 |  74.3 |      28 |       1 |   3.4
        D:3 |      54 |     218 |  80.1 |      14 |       1 |   6.7
        D:4 |      90 |      65 |  41.9 |       5 |       1 |  16.7
            +---------+---------+-------+---------+---------+-------
